 Dungeon Crawl Stone Soup version 0.21.0-25-ge575cb9 (webtiles) character file.

1726095 Megalobster the Wrestler (level 27, 245/245 HPs)
             Began as a Troll Monk on Jan 24, 2018.
             Was a High Priest of Okawaru.
             Escaped with the Orb
             ... and 3 runes on Jan 25, 2018!
             The game lasted 06:51:52 (67542 turns).

Megalobster the Wrestler (Troll Monk)              Turns: 67542, Time: 06:51:53

Health: 245/245    AC: 22    Str: 36    XL:     27
Magic:  27/31      EV: 26    Int:  3    God:    Okawaru [*****.]
Gold:   3209       SH: 36    Dex: 18    Spells: 11/26 levels left

rFire    + . .     SeeInvis +     - Unarmed
rCold    + . .     Gourm    +   O - +10 large shield of Ignorance {rN+ Int-4}
rNeg     + + +     Faith    .   A - +6 faerie dragon scales {rCorr Dex+5}
rPois    +         Spirit   .   Q - +2 hat {SInv}
rElec    .         Reflect  .   o - scarf {rC+ rF+}
rCorr    +         Harm     .   (gloves unavailable)
MR       ++++.     Clarity  +   (boots unavailable)
Stlth    ++........             C - amulet of regeneration
HPRegen  1.30/turn              a - ring "Quyfupaz" {rPois rN++ MR+ Str+2}
MPRegen  0.22/turn              J - ring "Xutaf" {MR+ Slay+2}

@: heroism, sap magic, berserk cooldown, slowed, very slow
A: large, unfitting armour, claws 3, thin skeletal structure 1, clarity, clumsy
1, deterioration 1, fast metabolism 3, frail 1, gourmand, low mp 1, regeneration
1, shaggy fur 1, tough skin 2, no potion heal 1
0: Orb of Zot
}: 3/15 runes: serpentine, barnacled, silver
a: Heroism, Finesse, Renounce Religion


You escaped.
You worshipped Okawaru.
Okawaru was extremely pleased with you.
You were not hungry.

You visited 9 branches of the dungeon, and saw 47 of its levels.
You also visited: Sewer, Ice Cave and Volcano.

You collected 6559 gold pieces.
You spent 3350 gold pieces at shops.

Inventory:

Missiles
 g - 84 large rocks (quivered)
 y - 80 poisoned javelins
 B - 7 tomahawks of returning
 E - 43 javelins of penetration
 S - 3 poisoned tomahawks
 V - 7 javelins of returning
 Y - 23 throwing nets {!f}
 Z - 13 tomahawks of dispersal
Armour
 o - a scarf of resistance (worn)
 A - the +6 faerie dragon scales (worn) {rCorr Dex+5}
   (You took it off the Enchantress on level 3 of the Depths)

   It affects your dexterity (+5).
   It protects you from acid and corrosion.
 O - the +10 large shield of Ignorance (worn) {rN+ Int-4}
   (You took it off a deep elf mage on level 4 of the Depths)

   It affects your intelligence (-4).
   It protects you from negative energy.
 Q - a +2 hat of see invisible (worn)
Jewellery
 a - the ring "Quyfupaz" (left claw) {rPois rN++ MR+ Str+2}
   (You found it on level 2 of the Depths)

   [ring of poison resistance]

   It affects your strength (+2).
   It protects you from poison.
   It greatly protects you from negative energy.
   It affects your resistance to hostile enchantments.
 h - an uncursed ring of protection from fire
 C - an amulet of regeneration (around neck)
 J - the ring "Xutaf" (right claw) {MR+ Slay+2}
   (You took it off a deep elf annihilator on level 5 of the Vaults)

   [ring of protection from magic]

   It affects your accuracy and damage with ranged weapons and melee attacks
   (+2).
   It affects your resistance to hostile enchantments.
 P - the ring of Accord {rC+ MR+}
   (You found it on level 3 of the Depths)

   [ring of protection from cold]

   It protects you from cold.
   It affects your resistance to hostile enchantments.
Wands
 d - a wand of scattershot (6)
 e - a wand of digging (8)
 I - a wand of acid (33)
 K - a wand of flame (31)
 T - a wand of iceblast (46)
Scrolls
 i - a scroll of holy word
 j - 17 scrolls of teleportation
 l - 10 scrolls of immolation
 q - 4 scrolls of fog
 t - 5 scrolls of fear
 x - 2 scrolls of silence
 F - a scroll of summoning
 H - 2 scrolls of blinking
 N - 18 scrolls of identify {@r1}
 U - 13 scrolls of remove curse {@r2}
Potions
 f - 6 potions of lignification
 m - 3 potions of ambrosia
 n - a potion of magic
 p - a potion of heal wounds
 r - 3 potions of invisibility
 s - 6 potions of mutation
 u - 17 potions of curing {@q1}
 v - 6 potions of haste
 z - 3 potions of cancellation
 D - 14 potions of flight
Miscellaneous
 G - 6 boxes of beasts
 L - a phial of floods
 M - a lightning rod (4/4)
 R - 2 phantom mirrors
Comestibles
 b - 65 rations


   Skills:
 + Level 15.7(20.7) Fighting
 - Level 9.9(14.9) Throwing
 + Level 13.5(18.5) Armour
 + Level 17.2(22.2) Dodging
 - Level 1.0(6.0) Stealth
 + Level 15.7(20.7) Shields
 * Level 24.9(27) Unarmed Combat
 - Level 0.9 Charms
 + Level 17.6 Invocations
 - Level 5.6 Evocations


You had 11 spell levels left.
You knew the following spells:

 Your Spells              Type           Power        Failure   Level  Hunger
a - Infusion              Chrm           #...         41%         1    ##.....
b - Song of Slaying       Chrm           #.......     56%         2    ###....
c - Beastly Appendage     Tmut           #.....       54%         1    ##.....
d - Passwall              Tmut/Erth      #.........   69%         2    ###....
e - Apportation           Tloc           #.....       54%         1    ##.....
f - Blink                 Tloc           N/A          69%         2    ###....
g - Shroud of Golubria    Chrm/Tloc      #.........   63%         2    ###....
h - Passage of Golubria   Tloc           N/A          100%        4    #####..


Dungeon Overview and Level Annotations

Branches:
Dungeon (15/15)            Temple (1/1) D:6            Lair (6/6) D:8
 Shoals (4/4) Lair:2        Snake (4/4) Lair:2        Slime (0/5) Lair:5
    Orc (2/2) D:9             Elf (0/3) Orc:2        Vaults (5/5) D:13
  Crypt (0/3) Vaults:3     Depths (5/5) D:15            Zot (5/5) Depths:5

Altars:
Ashenzari
Cheibriados
Dithmenos
Elyvilon
Fedhas
Gozag
Hepliaklqana
Kikubaaqudgha
Makhleb
Nemelex Xobeh
Okawaru
Qazlal
Ru
Sif Muna
Trog
Uskayaw
Vehumet
Wu Jian
Xom
Yredelemnul
Zin
The Shining One
Beogh

Shops:
D:7 *   Orc:1 !%=%!   Orc:2 [*!?*   Snake:4 }==   Vaults:1 *[(:   Vaults:2 [
Vaults:4 [   Depths:3 }

Portals:
Hell: Depths:1 Depths:2 Depths:3 Depths:4 Depths:5
Abyss: Depths:4 Depths:5
Pandemonium: Depths:3 Depths:4 Depths:5
Ziggurat: Depths:3

Annotations:
D:5 Nanban's ghost, novice MiWr
Vaults:2 exclusion: obsidian statue


Innate Abilities, Weirdness & Mutations

You are too large for most types of armour.
You have claws for hands.
Your metabolism is lightning-fast.
You like to eat raw meat.
Your natural rate of healing is unusually fast.
You are covered in fur. (AC +1)
You have very tough skin. (AC +2)
You have a somewhat thin skeletal structure. (Dex +2, Stealth)
You possess an exceptional clarity of mind.
You are clumsy. (Dex -2)
Your body sometimes deteriorates upon taking damage.
You are frail. (-10% HP)
Your magical capacity is low. (-10% MP)
Potions are less effective at restoring your health.


Message History

You block the reaper's attack.
You closely miss the reaper.
The reaper is heavily wounded.
You claw the reaper!
The reaper is severely wounded.
You barely miss the reaper.
The reaper is severely wounded.
You claw the reaper!
The reaper is severely wounded.
You block the reaper's attack.
You eviscerate the reaper!!!!
You kill the reaper!
Okawaru accepts your kill.
You are no longer berserk.
You are exhausted.
You feel yourself slow down.
You see here a vampiric scythe.
You now have 245/245 hp.
There is a staircase leading out of the dungeon here.
You have escaped!

.# #.##.####.#####.##
.###.##............#
.....#######.####.##
.###### #..###.##
......# #.#(##..#
.####.# #.##)#''##
.####.######.###)##.##
##...........##.).##.#
##.##.#########.@..#.#
#[..#.# ##....#..#
....#.# #.####8#.#
#...#.# #.......##
......# #########
#######


There were no monsters in sight!

Vanquished Creatures
  9 orbs of fire
  5 ancient liches (Zot:5)
  2 juggernauts
  4 curse toes
  3 Killer Klowns
  10 golden dragons
  the Enchantress (Depths:3)
  Jory (Depths:5)
  A bone dragon (Depths:5)
  7 electric golems
  Jorgrun (Depths:2)
  16 tentacled monstrosities
  A Hell Sentinel (D:7)
  6 liches
  25 Orb Guardians (Zot:5)
  8 titans
  An acid blob (Depths:3)
  A quicksilver dragon (Zot:3)
  Polyphemus (Shoals:4)
  11 death cobs
  6 sphinxes
  A thorn hunter (Depths:3)
  An eldritch tentacle (Depths:3)
  12 storm dragons
  7 tengu reavers
  Kirke (Lair:5)
  9 shadow dragons
  Ilsuiw (Shoals:4)
  9 nagarajas
  5 draconian monks
  3 draconian knights
  3 iron dragons
  A draconian scorcher (Zot:2)
  4 fire giants
  3 ghost moths
  A balrug (Depths:5)
  13 frost giants
  2 draconian shifters
  16 vault wardens
  Aizul (Vaults:4)
  4 deep elf elementalists
  2 warmongers (D:1)
  2 reapers
  A war gargoyle (Vaults:4)
  5 draconian annihilators
  5 spriggan defenders
  6 ironheart preservers
  4 draconian stormcallers
  A ghoul (Vaults:3)
  15 very ugly things
  A stone giant (shapeshifter) (Vaults:5)
  An entropy weaver (Vaults:1)
  2 vampire knights (Depths:4)
  21 stone giants
  15 green draconians
  11 black draconians
  2 deep elf demonologists
  10 purple draconians
  12 red draconians
  14 yellow draconians
  8 white draconians
  17 spark wasps
  3 deep elf annihilators
  2 deep elf death magi
  20 ettins
  10 merfolk javelineers
  12 merfolk impalers
  5 crystal guardians
  Snorg (D:14)
  2 jiangshi (Depths:1)
  4 deep elf high priests
  A minotaur (Shoals:3)
  8 fire dragons
  A fire dragon (shapeshifter) (Depths:1)
  24 yaktaur captains
  3 rakshasas
  5 great orbs of eyes
  30 vault guards
  2 spriggan air magi
  11 naga warriors
  12 hydras
  A catoblepas (Shoals:4)
  11 ice dragons
  Harold (Lair:4)
  3 alligator snapping turtles
  A hydra (shapeshifter) (Depths:2)
  5 death knights
  12 ogre magi
  5 merfolk avatars
  2 anacondas (shapeshifter) (Depths:2)
  A two-headed ogre (shapeshifter) (Depths:5)
  11 anacondas
  18 centaur warriors
  11 merfolk aquamancers
  2 tengu warriors
  5 satyrs
  7 deep troll shamans
  5 deep troll earth magi
  44 two-headed ogres
  19 death yaks
  2 hell hogs (Depths:1)
  A shock serpent (shapeshifter) (Depths:4)
  14 naga sharpshooters
  5 spriggan berserkers
  3 deep elf knights
  A vampire mage (Depths:1)
  A titan zombie (Vaults:5)
  5 hell knights (Depths:3)
  7 shock serpents
  3 orc high priests (Orc:2)
  3 sun demons
  2 sixfirhies
  A death drake (shapeshifter) (Depths:2)
  A salamander mystic (Snake:2)
  A skeletal warrior (Vaults:3)
  6 iron trolls
  3 unseen horrors
  A glowing orange brain (shapeshifter) (Vaults:5)
  14 sea snakes
  29 deep trolls
  A sea snake (shapeshifter) (Vaults:5)
  3 glowing orange brains
  A gelid demonspawn (D:1)
  2 flayed ghosts
  13 naga ritualists
  An orange crystal statue (Depths:1)
  16 harpies
  5 necromancers
  18 ironbrand convokers
  4 deep elf archers
  16 orc knights
  A sphinx zombie (Depths:1)
  3 wizards
  4 phantasmal warriors (Vaults:5)
  A harpy (shapeshifter) (Depths:2)
  9 mana vipers
  9 deep elf magi
  A cyclops (shapeshifter) (Depths:2)
  12 cyclopes
  3 wolf spiders
  2 oklob plants (Depths:3)
  2 human zombies
  9 orc sorcerers
  12 manticores
  10 fauns
  23 moths of wrath
  A centaur zombie (D:14)
  3 salamanders (shapeshifter)
  30 ugly things
  4 guardian serpents
  8 elephants
  15 salamanders
  12 merfolk sirens
  A black mamba (shapeshifter) (Vaults:1)
  2 stone giant skeletons
  A rust devil (D:12)
  Joseph (D:9)
  28 naga magi
  28 black mambas
  A smoke demon (Depths:3)
  2 gargoyles
  13 vault sentinels
  8 water nymphs
  2 ice statues
  Psyche (D:8)
  13 spiny frogs
  5 spectral swamp worms (Depths:1)
  A hellion (Depths:3)
  The ghost of Frank the Slasher, a novice OpFi (D:4)
  5 rime drakes
  57 yaktaurs
  An efreet (D:7)
  2 kobold demonologists (D:11)
  5 tengu conjurers
  2 yaktaurs (shapeshifter)
  9 freezing wraiths
  A red devil (Depths:3)
  3 human skeletons
  A yaktaur skeleton (Vaults:5)
  A komodo dragon (shapeshifter) (Depths:2)
  6 komodo dragons
  40 merfolk
  3 meliai (Shoals:3)
  4 jumping spiders (Depths:3)
  5 trolls
  A tyrant leech (shapeshifter) (Depths:1)
  A troll (shapeshifter) (Vaults:1)
  A queen bee (shapeshifter) (Depths:2)
  A harpy skeleton (D:15)
  24 polar bears
  8 hornets
  A shadow dragon simulacrum (Vaults:5)
  A sphinx simulacrum (Vaults:3)
  5 wind drakes
  An ettin zombie (Vaults:1)
  A meliai zombie (D:12)
  3 blink frogs (shapeshifter)
  34 slime creatures
  A raiju (shapeshifter) (Vaults:3)
  Prince Ribbit (D:8)
  19 dream sheep
  7 hippogriffs
  16 blink frogs
  15 snapping turtles
  2 redbacks (Vaults:1)
  3 wyverns
  A spriggan (shapeshifter) (Vaults:2)
  3 wraiths
  An ettin skeleton (Depths:1)
  2 yaks (shapeshifter)
  4 spriggans
  18 water elementals
  2 redbacks (shapeshifter) (Depths:2)
  A ynoxinul (Depths:3)
  A hog (shapeshifter) (D:15)
  6 hogs
  60 yaks
  2 chaos spawn (Depths:3)
  5 basilisks
  A human (D:9)
  A neqoxec (Zot:5)
  3 wargs
  2 spatial vortices (Depths:3)
  16 water moccasins
  A soldier ant (shapeshifter) (Vaults:3)
  An insubstantial wisp (Depths:3)
  38 nagas
  A soldier ant (D:14)
  A floating eye (Depths:3)
  A floating eye (shapeshifter) (Depths:2)
  9 porcupines
  Purgy (Sewer)
  3 sky beasts
  33 orc warriors
  4 ice beasts
  A black bear (D:8)
  2 eyes of draining
  A phantom (D:4)
  25 ogres
  An eye of draining (shapeshifter) (Depths:5)
  43 centaurs
  43 wolves
  6 boggarts
  17 crocodiles
  3 big kobolds
  A crocodile (shapeshifter) (Depths:3)
  An elf skeleton (Vaults:1)
  16 bullfrogs
  A deep troll simulacrum (Vaults:3)
  A gnoll sergeant (Orc:2)
  A water moccasin skeleton (D:5)
  A scorpion (D:10)
  9 killer bees (D:11)
  6 wights
  3 vampire bats (D:9)
  3 howler monkeys (D:10)
  5 crimson imps
  3 quasits
  2 bullfrog zombies
  3 centaur skeletons
  9 hounds
  A human simulacrum (Vaults:2)
  15 orc priests
  Crazy Yiuf (D:5)
  2 iron imps
  3 jellies
  5 iguanas
  24 orc wizards
  11 worker ants
  2 hound skeletons
  3 worker ant zombies
  A howler monkey skeleton (D:6)
  12 adders
  12 gnolls
  A river rat (D:5)
  3 shadow imps
  14 white imps
  3 ufetubi (Depths:3)
  3 oozes
  2 adder skeletons
  5 worms
  3 dart slugs
  4 leopard geckos
  60 orcs
  3 bat skeletons
  4 bat zombies
  11 giant cockroaches
  5 goblins
  8 hobgoblins
  14 jackals
  10 kobolds
  5 quokkas
  4 ball pythons
  A ball python skeleton (D:2)
  5 bats
  8 frilled lizards
  2 jackal skeletons
  A quokka skeleton (D:2)
  2 quokka zombies
  9 rats
  3 fungi
  26 plants
2188 creatures vanquished.

Vanquished Creatures (collateral kills)
  An orb of fire (Zot:5)
  A tentacled monstrosity (Zot:5)
  A naga (Snake:4)
3 creatures vanquished.

Vanquished Creatures (others)
  A fire giant (Depths:3)
  A hell hog (Depths:1)
  A hippogriff (shapeshifter) (Vaults:5)
  A bullfrog (Lair:5)
  7 fungi
  21 plants
32 creatures vanquished.

Grand Total: 2223 creatures vanquished

Notes
Turn   | Place    | Note
-------+----------+-------------------------------------------
     0 | D:1      | Megalobster the Troll Monk began the quest for the Orb.
     0 | D:1      | Reached XP level 1. HP: 22/22 MP: 0/0
    56 | D:1      | Reached XP level 2. HP: 25/29 MP: 1/1
   382 | D:1      | Reached skill level 4 in Unarmed Combat
   708 | D:2      | Reached XP level 3. HP: 36/36 MP: 2/2
  1058 | D:2      | Reached XP level 4. HP: 42/44 MP: 3/3
  1072 | D:2      | Reached skill level 5 in Unarmed Combat
  1144 | D:2      | Found a blossoming altar of Fedhas.
  1694 | D:3      | Reached XP level 5. HP: 50/50 MP: 4/4
  1790 | D:3      | You fall through a shaft!
  1806 | D:4      | Found a stormy altar of Qazlal.
  1853 | D:4      | Reached skill level 6 in Unarmed Combat
  2060 | D:4      | Noticed a phantom
  2085 | D:4      | Killed a phantom
  2085 | D:4      | Reached skill level 7 in Unarmed Combat
  2085 | D:4      | Reached XP level 6. HP: 54/59 MP: 5/5
  2618 | D:5      | Entered Level 5 of the Dungeon
  2640 | D:5      | Noticed Nanban's ghost (novice MiWr)
  2685 | D:5      | Reached skill level 8 in Unarmed Combat
  2685 | D:5      | Reached XP level 7. HP: 50/66 MP: 6/6
  2692 | D:5      | Found a glowing drain.
  2726 | Sewer    | Entered a sewer
  2769 | Sewer    | Noticed Purgy
  2775 | Sewer    | Killed Purgy
  2775 | Sewer    | Reached skill level 1 in Throwing
  3129 | D:5      | Found a runed door.
  3133 | D:5      | Noticed Crazy Yiuf
  3137 | D:5      | Killed Crazy Yiuf
  3181 | D:5      | Reached skill level 9 in Unarmed Combat
  3223 | D:5      | Reached XP level 8. HP: 64/74 MP: 7/7
  3564 | D:4      | Noticed Frank's ghost (novice OpFi)
  3579 | D:4      | Killed Frank's ghost
  3579 | D:4      | Reached skill level 10 in Unarmed Combat
  3848 | D:6      | Found a white marble altar of Elyvilon.
  3864 | D:6      | Found a staircase to the Ecumenical Temple.
  3874 | Temple   | Entered the Ecumenical Temple
  3971 | Temple   | Became a worshipper of Warmaster Okawaru
  3971 | Temple   | Reached * piety under Okawaru
  3971 | Temple   | Reached ** piety under Okawaru
  4191 | D:6      | You fall through a shaft for 3 floors!
  4193 | D:9      | Found a staircase to the Orcish Mines.
  4406 | D:6      | Reached skill level 1 in Invocations
  4657 | D:6      | Found a snail-covered altar of Cheibriados.
  4925 | D:6      | Reached XP level 9. HP: 65/80 MP: 9/9
  5105 | D:7      | Found Vupn's General Store.
  5122 | D:7      | Bought a potion of brilliance for 56 gold pieces
  5122 | D:7      | Bought a scroll of summoning for 133 gold pieces
  5122 | D:7      | Bought a potion of agility for 56 gold pieces
  6168 | D:8      | Noticed a two-headed ogre
  6177 | D:8      | Killed a two-headed ogre
  6177 | D:8      | Reached *** piety under Okawaru
  6177 | D:8      | Reached skill level 11 in Unarmed Combat
  6287 | D:8      | Noticed Psyche
  6291 | D:8      | Killed Psyche
  6399 | D:8      | Noticed Prince Ribbit
  6411 | D:8      | Killed Prince Ribbit
  6496 | D:8      | Found a staircase to the Lair.
  6504 | D:8      | Reached skill level 5 in Throwing
  6504 | D:8      | Reached XP level 10. HP: 66/92 MP: 12/12
  6550 | D:8      | Received a gift from Okawaru
  7170 | D:9      | Reached skill level 5 in Invocations
  7225 | D:9      | Reached **** piety under Okawaru
  7296 | D:9      | Received a gift from Okawaru
  7370 | D:9      | Noticed Joseph
  7383 | D:9      | Killed Joseph
  7383 | D:9      | Reached skill level 12 in Unarmed Combat
  7421 | D:9      | Found a bloodstained altar of Trog.
  7677 | D:9      | Found an ancient bone altar of Kikubaaqudgha.
  7879 | D:10     | Entered Level 10 of the Dungeon
  7879 | D:10     | Noticed a two-headed ogre
  7956 | D:9      | Reached XP level 11. HP: 59/101 MP: 12/14
  8052 | D:10     | Reached ***** piety under Okawaru
  8385 | D:10     | Received a gift from Okawaru
  8385 | D:10     | Reached skill level 5 in Dodging
  8514 | D:10     | Reached skill level 5 in Fighting
  8871 | D:10     | Killed a two-headed ogre
  8871 | D:10     | Received a gift from Okawaru
  9066 | Lair:1   | Entered Level 1 of the Lair of Beasts
  9838 | Lair:1   | Received a gift from Okawaru
 10273 | Lair:2   | Noticed a seven-headed hydra
 10278 | Lair:2   | Killed a nine-headed hydra
 10409 | Lair:2   | Found a staircase to the Snake Pit.
 10604 | Lair:2   | Noticed a four-headed hydra
 10609 | Lair:2   | Killed a four-headed hydra
 10609 | Lair:2   | Reached skill level 13 in Unarmed Combat
 10904 | Lair:2   | Found a staircase to the Shoals.
 10939 | Lair:2   | Noticed an eight-headed hydra
 10954 | Lair:2   | Killed an eight-headed hydra
 10954 | Lair:2   | Reached XP level 12. HP: 77/113 MP: 10/17
 11697 | Lair:3   | Received a gift from Okawaru
 11722 | Lair:3   | Noticed a six-headed hydra
 11729 | Lair:3   | Killed a six-headed hydra
 12086 | Lair:3   | Found a dark tunnel.
 12094 | Volcano  | Entered a volcano
 12124 | Volcano  | Noticed a centaur warrior
 12133 | Volcano  | Killed a centaur warrior
 12637 | Lair:3   | Noticed an eight-headed hydra
 12647 | Lair:3   | Killed an eight-headed hydra
 12746 | Lair:3   | Noticed a five-headed hydra
 12755 | Lair:3   | Killed a five-headed hydra
 13175 | Lair:4   | Reached skill level 14 in Unarmed Combat
 13325 | Lair:4   | Reached XP level 13. HP: 123/123 MP: 19/19
 13538 | Lair:4   | Noticed Harold
 13551 | Lair:4   | Killed Harold
 13946 | Lair:4   | You fall through a shaft!
 14482 | Lair:5   | Reached skill level 10 in Invocations
 14508 | Lair:5   | Found a staircase to the Slime Pits.
 14642 | Lair:5   | Noticed Kirke
 14723 | Lair:5   | Killed Kirke
 15120 | Lair:5   | Received a gift from Okawaru
 15163 | Lair:5   | Reached skill level 1 in Armour
 15356 | Lair:5   | Received a gift from Okawaru
 15815 | Lair:6   | Entered Level 6 of the Lair of Beasts
 15905 | Lair:6   | Received a gift from Okawaru
 16158 | Lair:6   | Received a gift from Okawaru
 16194 | Lair:6   | Reached XP level 14. HP: 112/133 MP: 21/21
 16524 | Lair:6   | Reached skill level 15 in Unarmed Combat
 16527 | Lair:6   | Received a gift from Okawaru
 17026 | Lair:6   | Received a gift from Okawaru
 17311 | Lair:6   | Received a gift from Okawaru
 17992 | Orc:1    | Entered Level 1 of the Orcish Mines
 17992 | Orc:1    | Found Vego's Jewellery Emporium.
 18055 | Orc:1    | Found Jeimyar's Food Emporium.
 18212 | Orc:1    | Found Qeutij's Food Emporium.
 18287 | Orc:1    | Found a roughly hewn altar of Beogh.
 18336 | Orc:1    | Found Civox's Distillery.
 18347 | Orc:1    | Bought a potion of mutation for 128 gold pieces
 18347 | Orc:1    | Bought a potion of cancellation for 128 gold pieces
 18438 | Orc:1    | Found Raonalem's Distillery.
 18542 | Orc:2    | Entered Level 2 of the Orcish Mines
 18591 | Orc:2    | Found a staircase to the Elven Halls.
 18720 | Orc:2    | Reached skill level 1 in Evocations
 19048 | Orc:2    | Found Zerux's Antique Armour Emporium.
 19202 | Orc:2    | Found Govuare's Assorted Antiques.
 19601 | Orc:2    | Found Nyosaij's Distillery.
 19603 | Orc:2    | Found Diuric's General Store.
 19603 | Orc:2    | Found Oxoocaatwa's Magic Scroll Shoppe.
 19685 | Orc:2    | Bought a scroll of remove curse for 39 gold pieces
 19693 | Orc:2    | Bought a scroll of remove curse for 36 gold pieces
 19781 | Orc:2    | Bought a potion of haste for 110 gold pieces
 19781 | Orc:2    | Bought a potion of berserk rage for 55 gold pieces
 19781 | Orc:2    | Bought 2 potions of haste for 220 gold pieces
 19783 | Orc:2    | Bought a scroll of teleportation for 36 gold pieces
 19791 | Orc:2    | Bought a scroll of teleportation for 39 gold pieces
 19791 | Orc:2    | Bought a scroll of teleportation for 39 gold pieces
 19791 | Orc:2    | Bought a scroll of identify for 26 gold pieces
 19791 | Orc:2    | Bought a scroll of amnesia for 45 gold pieces
 19791 | Orc:2    | Bought a scroll of identify for 26 gold pieces
 19791 | Orc:2    | Bought a scroll of blinking for 97 gold pieces
 19913 | Orc:1    | Bought a potion of heal wounds for 70 gold pieces
 19913 | Orc:1    | Bought a potion of haste for 140 gold pieces
 19913 | Orc:1    | Bought a potion of heal wounds for 70 gold pieces
 19913 | Orc:1    | Bought a potion of heal wounds for 70 gold pieces
 19913 | Orc:1    | Bought a potion of agility for 56 gold pieces
 19932 | Orc:1    | Bought a potion of haste for 160 gold pieces
 19932 | Orc:1    | Bought a potion of heal wounds for 80 gold pieces
 19932 | Orc:1    | Bought a potion of agility for 64 gold pieces
 21301 | D:12     | Reached XP level 15. HP: 73/143 MP: 22/22
 21656 | D:12     | Received a gift from Okawaru
 21672 | D:12     | Got a bloodstained demon blade {god gift}
 21695 | D:12     | Identified the +1 demon blade of Xied {flame, Fragile rElec rN++} (Okawaru gifted it to you on level 12 of the Dungeon)
 22973 | D:13     | Found a gate to the Vaults.
 23314 | D:14     | Noticed Snorg
 23322 | D:14     | Killed Snorg
 23322 | D:14     | Reached skill level 16 in Unarmed Combat
 23405 | D:14     | Found a frozen archway.
 23479 | IceCv    | Entered an ice cave
 24004 | IceCv    | Received a gift from Okawaru
 24102 | IceCv    | Reached ****** piety under Okawaru
 24199 | D:14     | Identified a scroll of acquirement
 24602 | D:14     | Reached skill level 5 in Armour
 24735 | D:15     | Entered Level 15 of the Dungeon
 24786 | D:15     | Received a gift from Okawaru
 25440 | D:15     | Found a staircase to the Depths.
 25950 | D:8      | Learned a level 1 spell: Infusion
 25953 | D:8      | Learned a level 2 spell: Song of Slaying
 26031 | Shoals:1 | Entered Level 1 of the Shoals
 26188 | Snake:1  | Entered Level 1 of the Snake Pit
 26216 | Snake:1  | Received a gift from Okawaru
 26597 | Snake:1  | Received a gift from Okawaru
 26597 | Snake:1  | Reached XP level 16. HP: 109/156 MP: 23/23
 26940 | Snake:1  | Found a shimmering altar of Xom.
 27017 | Snake:1  | Received a gift from Okawaru
 27888 | Snake:1  | Received a gift from Okawaru
 28111 | Snake:2  | Reached skill level 1 in Shields
 28308 | Snake:2  | Received a gift from Okawaru
 28317 | Snake:2  | Reached skill level 10 in Dodging
 29322 | Snake:2  | Received a gift from Okawaru
 31409 | Snake:4  | Entered Level 4 of the Snake Pit
 31642 | Snake:4  | Reached skill level 17 in Unarmed Combat
 31766 | Snake:4  | Reached skill level 5 in Shields
 32053 | Snake:4  | Received a gift from Okawaru
 32058 | Snake:4  | Got a warped falchion {god gift}
 32073 | Snake:4  | Identified the +1 falchion of Untimely Demise {venom, *Corrode rC+ Dex+4} (Okawaru gifted it to you on level 4 of the Snake Pit)
 32387 | Snake:4  | Found Kouxzoaq's Jewellery Boutique.
 32388 | Snake:4  | Found Bijoicw's Gadget Emporium.
 32389 | Snake:4  | Found Xiudd's Jewellery Boutique.
 32515 | Snake:4  | Reached XP level 17. HP: 90/163 MP: 16/24
 32964 | Snake:4  | Received a gift from Okawaru
 33315 | Snake:4  | Got a serpentine rune of Zot
 34331 | Shoals:1 | Received a gift from Okawaru
 35041 | Shoals:2 | Reached skill level 5 in Evocations
 35208 | Shoals:2 | Received a gift from Okawaru
 35579 | Shoals:2 | Received a gift from Okawaru
 35911 | Shoals:2 | Reached XP level 18. HP: 137/174 MP: 19/25
 37094 | Shoals:3 | Found a hide-covered altar of Uskayaw.
 37176 | Shoals:3 | Reached skill level 10 in Fighting
 37560 | Shoals:4 | Entered Level 4 of the Shoals
 37950 | Shoals:4 | Noticed Ilsuiw
 38016 | Shoals:4 | Killed Ilsuiw
 38019 | Shoals:4 | Received a gift from Okawaru
 38729 | Shoals:4 | Reached skill level 18 in Unarmed Combat
 38814 | Shoals:4 | Received a gift from Okawaru
 38881 | Shoals:4 | Reached skill level 10 in Shields
 38884 | Shoals:4 | Got a barnacled rune of Zot
 39266 | Shoals:4 | Noticed Polyphemus
 39288 | Shoals:4 | Killed Polyphemus
 39323 | Shoals:4 | Received a gift from Okawaru
 39804 | Vaults:1 | Entered Level 1 of the Vaults
 39804 | Vaults:1 | Found Ifeif's Armour Shoppe.
 40037 | Vaults:1 | Reached XP level 19. HP: 184/184 MP: 27/27
 40743 | Vaults:1 | Received a gift from Okawaru
 41070 | Vaults:1 | Found Sonujoty's Weapon Boutique.
 41088 | Vaults:1 | Received a gift from Okawaru
 41280 | Vaults:1 | HP: 8/184 [vault guard/great sword[a vault warden] (9)]
 41479 | Vaults:1 | Found Maorghil's Book Shop.
 41771 | Vaults:1 | Found Buzastagel's Assorted Antiques.
 41774 | Vaults:1 | Bought a scroll of teleportation for 87 gold pieces
 41774 | Vaults:1 | Bought a scroll of identify for 58 gold pieces
 42978 | Vaults:2 | Found Elonakhi's Antique Armour Shop.
 42986 | Vaults:2 | Bought a twisted robe for 176 gold pieces
 42996 | Vaults:2 | Identified the +2 robe of Courage {rElec} (You bought it in a shop on level 2 of the Vaults)
 44093 | Vaults:3 | Received a gift from Okawaru
 44396 | Vaults:3 | Reached skill level 19 in Unarmed Combat
 44467 | Vaults:3 | Reached XP level 20. HP: 196/196 MP: 25/28
 44568 | Vaults:3 | Received a gift from Okawaru
 44696 | Vaults:3 | Received a gift from Okawaru
 44918 | Vaults:3 | Got a scorched iron ring
 44921 | Vaults:3 | Identified the ring "Jogyfon" {Str+3 Dex+6 SInv} (You took it off a frost giant on level 3 of the Vaults)
 45455 | Vaults:3 | Found a staircase to the Crypt.
 45455 | Vaults:3 | Found a basalt altar of Yredelemnul.
 45455 | Vaults:3 | Found an ancient bone altar of Kikubaaqudgha.
 46041 | Orc:1    | Bought 2 potions of curing for 84 gold pieces
 46041 | Orc:1    | Bought 2 potions of curing for 84 gold pieces
 46041 | Orc:1    | Bought a potion of curing for 42 gold pieces
 46041 | Orc:1    | Bought a potion of mutation for 112 gold pieces
 46060 | Orc:1    | Bought a potion of ambrosia for 128 gold pieces
 46060 | Orc:1    | Bought a potion of invisibility for 128 gold pieces
 46060 | Orc:1    | Bought a potion of heal wounds for 80 gold pieces
 46175 | D:8      | Gained mutation: You possess an exceptional clarity of mind. [potion of mutation]
 46175 | D:8      | Gained mutation: You have a somewhat thin skeletal structure. (Dex +2, Stealth) [potion of mutation]
 47140 | Vaults:4 | Noticed Aizul
 47153 | Vaults:4 | Killed Aizul
 47154 | Vaults:4 | Found Fimuc's Antique Armour Boutique.
 47466 | Vaults:4 | Received a gift from Okawaru
 48336 | Depths:1 | Entered Level 1 of the Depths
 48593 | Depths:1 | Received a gift from Okawaru
 48751 | Depths:1 | Found a runed door.
 48855 | Depths:1 | Received a gift from Okawaru
 48911 | Depths:1 | Identified the Almanac of Damaging Self-Knowledge
 48948 | Depths:1 | Learned a level 1 spell: Beastly Appendage
 49166 | Depths:1 | Found a gateway to Hell.
 49171 | Depths:1 | Learned a level 2 spell: Passwall
 49334 | Depths:1 | Received a gift from Okawaru
 50075 | Depths:2 | Reached XP level 21. HP: 191/205 MP: 30/30
 50338 | Depths:2 | Received a gift from Okawaru
 50356 | Depths:2 | Reached skill level 20 in Unarmed Combat
 50663 | Depths:2 | Got a brightly glowing bone ring
 50673 | Depths:2 | Identified the ring "Quyfupaz" {rPois rN++ MR+ Str+2} (You found it on level 2 of the Depths)
 50856 | Depths:2 | Paralysed by a floating eye for 2 turns
 51015 | Depths:2 | Noticed Jorgrun
 51031 | Depths:2 | Killed Jorgrun
 51050 | Depths:2 | Received a gift from Okawaru
 51527 | Depths:3 | Noticed the Enchantress
 51742 | Depths:3 | Killed the Enchantress
 51745 | Depths:3 | Got faerie dragon scales
 51797 | Depths:3 | Identified the +6 faerie dragon scales {rCorr Dex+5} (You took it off the Enchantress on level 3 of the Depths)
 52113 | Depths:3 | Got a vibrating tin ring
 52114 | Depths:3 | Identified the ring of Accord {rC+ MR+} (You found it on level 3 of the Depths)
 52764 | Depths:3 | Found Etaqowk's Gadget Emporium.
 52766 | Depths:3 | Paralysed by a floating eye for 3 turns
 52773 | Depths:3 | Bought a wand of digging (10) for 392 gold pieces
 53033 | Depths:3 | Found a gateway to a ziggurat.
 53330 | Depths:3 | Received a gift from Okawaru
 53350 | Depths:3 | Reached XP level 22. HP: 217/217 MP: 31/31
 53635 | Depths:3 | Received a gift from Okawaru
 53655 | Depths:3 | Identified the Grimoire of Love and Death
 53659 | Depths:3 | Learned a level 1 spell: Apportation
 53662 | Depths:3 | Learned a level 2 spell: Blink
 53665 | Depths:3 | Learned a level 2 spell: Shroud of Golubria
 53670 | Depths:3 | Learned a level 4 spell: Passage of Golubria
 53901 | Depths:3 | Found a one-way gate leading to the halls of Pandemonium.
 54041 | Depths:4 | Received a gift from Okawaru
 54293 | Depths:4 | Received a gift from Okawaru
 54511 | Depths:4 | Found a one-way gate to the infinite horrors of the Abyss.
 55174 | Depths:4 | Noticed a golden dragon
 55216 | Depths:4 | Killed a golden dragon
 55335 | Depths:4 | Noticed a juggernaut
 55343 | Depths:4 | Noticed a juggernaut
 55349 | Depths:4 | Reached skill level 21 in Unarmed Combat
 55528 | Depths:3 | Killed a juggernaut
 55652 | Depths:4 | Killed a juggernaut
 55781 | Depths:4 | Received a gift from Okawaru
 55834 | Depths:4 | Noticed a golden dragon
 55840 | Depths:4 | Killed a golden dragon
 56121 | Depths:4 | Received a gift from Okawaru
 56227 | Depths:4 | Noticed a golden dragon
 56245 | Depths:4 | Killed a golden dragon
 56245 | Depths:4 | Reached skill level 10 in Armour
 56300 | Depths:4 | Noticed a golden dragon
 56304 | Depths:4 | Killed a golden dragon
 56334 | Depths:4 | Reached XP level 23. HP: 211/227 MP: 33/33
 56661 | Depths:5 | Entered Level 5 of the Depths
 56694 | Depths:5 | Reached skill level 15 in Invocations
 56850 | Depths:5 | Noticed Jory
 56869 | Depths:5 | Killed Jory
 56905 | Depths:5 | Reached skill level 15 in Dodging
 57565 | Depths:5 | Received a gift from Okawaru
 57748 | Depths:5 | Received a gift from Okawaru
 57896 | Depths:5 | Found a gate to the Realm of Zot.
 57948 | Depths:5 | Got a twitching lead ring
 58019 | Depths:5 | Identified the ring of Uczurun {rElec Str-2 Int+4 Stlth-} (You found it on level 5 of the Depths)
 58937 | Vaults:5 | Entered Level 5 of the Vaults
 59010 | Vaults:4 | Reached skill level 22 in Unarmed Combat
 59301 | Vaults:5 | Received a gift from Okawaru
 59455 | Vaults:5 | Reached XP level 24. HP: 239/239 MP: 31/33
 59597 | Vaults:5 | Received a gift from Okawaru
 59769 | Vaults:5 | Got a transparent granite ring
 59783 | Vaults:5 | Got a shimmering wooden ring
 59824 | Vaults:5 | Identified the ring "Xutaf" {MR+ Slay+2} (You took it off a deep elf annihilator on level 5 of the Vaults)
 59825 | Vaults:5 | Identified the ring of the Marlin {rC+ rN+ MR++ Int-5 SInv} (You took it off a fire giant on level 5 of the Vaults)
 59974 | Vaults:5 | Received a gift from Okawaru
 59978 | Vaults:5 | Got a steaming hat {god gift}
 60011 | Vaults:5 | Identified the +0 hat of Hucvuan {Int+3} (Okawaru gifted it to you on level 5 of the Vaults)
 60911 | Vaults:5 | Got a silver rune of Zot
 60912 | Vaults:5 | Identified the Compendium of Shifting Intoxication
 62041 | Zot:1    | Entered Level 1 of the Realm of Zot
 62139 | Zot:1    | Noticed an orb of fire
 62142 | Zot:1    | Gained mutation: Your magical capacity is low. (-10% MP) [an orb of fire]
 62157 | Zot:1    | Killed an orb of fire
 62811 | Zot:1    | Found the +18 shield of the Gong {rElec rN+ MR+ EV-5}
 62883 | Zot:2    | Reached skill level 23 in Unarmed Combat
 62900 | Zot:2    | Received a gift from Okawaru
 62905 | Zot:2    | Reached XP level 25. HP: 227/249 MP: 25/30
 63715 | Zot:3    | Received a gift from Okawaru
 64292 | Zot:3    | Noticed an orb of fire
 64302 | Zot:3    | Killed an orb of fire
 64302 | Zot:3    | Received a gift from Okawaru
 64361 | Zot:3    | Received a gift from Okawaru
 64853 | Zot:4    | Received a gift from Okawaru
 64908 | Zot:4    | Reached XP level 26. HP: 227/260 MP: 28/30
 65017 | Zot:4    | Reached skill level 15 in Fighting
 65566 | Zot:5    | Entered Level 5 of the Realm of Zot
 65765 | Zot:5    | Received a gift from Okawaru
 65765 | Zot:5    | Reached skill level 24 in Unarmed Combat
 66080 | Zot:5    | Reached skill level 15 in Shields
 66191 | Zot:5    | Noticed an ancient lich
 66198 | Zot:5    | Killed an ancient lich
 66213 | Zot:5    | Noticed an orb of fire
 66213 | Zot:5    | Noticed an orb of fire
 66224 | Zot:5    | Gained mutation: You are frail. (-10% HP) [an orb of fire]
 66230 | Zot:5    | Killed an orb of fire
 66230 | Zot:5    | Received a gift from Okawaru
 66238 | Zot:5    | Noticed an orb of fire
 66241 | Zot:5    | Noticed an ancient lich
 66249 | Zot:5    | Killed an orb of fire
 66254 | Zot:5    | Killed an orb of fire
 66254 | Zot:5    | Received a gift from Okawaru
 66257 | Zot:5    | Killed an ancient lich
 66353 | Zot:5    | Noticed an ancient lich
 66365 | Zot:5    | Noticed an ancient lich
 66367 | Zot:5    | Killed an ancient lich
 66380 | Zot:5    | Killed an ancient lich
 66383 | Zot:5    | Noticed an ancient lich
 66408 | Zot:5    | Received a gift from Okawaru
 66438 | Zot:5    | Killed an ancient lich
 66438 | Zot:5    | Received a gift from Okawaru
 66483 | Zot:5    | Noticed an orb of fire
 66502 | Zot:5    | Noticed an orb of fire
 66504 | Zot:5    | Noticed an orb of fire
 66506 | Zot:5    | Killed an orb of fire
 66512 | Zot:5    | Killed an orb of fire
 66512 | Zot:5    | Received a gift from Okawaru
 66513 | Zot:5    | Gained mutation: Potions are less effective at restoring your health. [an orb of fire]
 66518 | Zot:5    | Killed an orb of fire
 66527 | Zot:5    | Noticed an orb of fire
 66555 | Zot:5    | Killed an orb of fire
 66617 | Zot:5    | Reached XP level 27. HP: 226/243 MP: 25/31
 66679 | Zot:5    | Noticed an orb of fire
 66680 | Zot:5    | Gained mutation: You are clumsy. (Dex -2) [an orb of fire]
 66694 | Zot:5    | Gained mutation: Your body sometimes deteriorates upon taking damage. [an orb of fire]
 66696 | Zot:5    | Killed an orb of fire
 66819 | Zot:5    | Received a gift from Okawaru
 66936 | Zot:5    | Got the Orb of Zot
 67224 | D:15     | Noticed Gisymy the pandemonium lord
 67542 | D:$      | Escaped with the Orb!

Skill      XL: |  1  2  3  4  5  6  7  8  9 10 11 12 13 14 15 16 17 18 19 20 21 22 23 24 25 26 |
---------------+-------------------------------------------------------------------------------+-----
Unarmed Combat | 4 5 7 8 9 10 11 12 13 14 15 16 17 18 19 20 21 22 23 24 | 24.9
Throwing       | 2 4 5 7 8 9 |  9.9
Invocations    | 2 4 6 8 9 10 11 12 13 14 15 16 17 | 17.6
Dodging        | 3 4 5 6 7 8 9 11 12 13 14 15 16 17 | 17.2
Fighting       | 3 4 5 6 7 8 9 10 11 12 13 14 15 | 15.7
Armour         | 2 4 5 6 7 9 10 11 12 13 | 13.5
Evocations     | 3 4 5 |  5.6
Shields        | 5 8 10 11 12 13 14 15 | 15.7
Stealth        | |  1.0
Charms         | |  0.9

Action                   |  1- 3 |  4- 6 |  7- 9 | 10-12 | 13-15 | 16-18 | 19-21 | 22-24 | 25-27 || total
-------------------------+-------+-------+-------+-------+-------+-------+-------+-------+-------++-------
Melee: Unarmed           |    96 |   166 |   264 |   478 |  1210 |  1565 |  1532 |   987 |   562 ||  6860
       Punch             |       |     1 |    13 |    33 |   136 |    31 |       |       |       ||   214
Throw: Stone             |       |    38 |    34 |   165 |   234 |    65 |       |       |       ||   536
       Javelin           |       |       |     2 |    10 |    35 |   154 |     9 |       |       ||   210
       Tomahawk          |       |       |       |    25 |    26 |    64 |     6 |       |       ||   121
       Throwing net      |       |       |       |       |     2 |       |       |       |       ||     2
       Large rock        |       |       |       |       |    23 |    61 |   331 |   489 |   322 ||  1226
Invok: Heroism           |       |       |     1 |    18 |    35 |    40 |    40 |    36 |    30 ||   200
       Finesse           |       |       |       |     5 |     5 |    20 |    19 |    14 |    20 ||    83
Evoke: Wand              |       |       |       |       |     3 |       |     1 |       |    11 ||    15
       Lightning rod     |       |       |       |       |       |       |     2 |       |       ||     2
  Use: Potion            |       |     1 |     1 |       |     6 |    12 |    14 |     9 |    14 ||    57
       Scroll            |       |       |    15 |     7 |    14 |    17 |    10 |     6 |     5 ||    74
 Stab: Sleeping          |     2 |     2 |    12 |     5 |     7 |     1 |     3 |     1 |     6 ||    39
       Distracted        |       |       |     1 |     1 |     2 |     1 |       |       |     3 ||     8
       Fleeing           |       |       |       |       |       |       |     2 |       |       ||     2
       Invisible         |       |       |       |       |       |       |       |     3 |       ||     3
  Eat: Chunk             |    15 |    15 |    35 |    62 |   116 |    96 |   109 |    75 |    27 ||   550
       Ration            |       |       |       |       |       |     9 |     3 |     4 |     2 ||    18
Armor: Robe              |    26 |    48 |    61 |    39 |   153 |    14 |       |       |       ||   341
       Skin              |       |    29 |       |       |       |       |     2 |       |       ||    31
       Acid dragon scale |       |       |       |       |       |   223 |   200 |   137 |    53 ||   613
Dodge: Dodged            |    41 |    88 |   107 |   328 |   804 |  1065 |   626 |   327 |   183 ||  3569
       Deflected         |       |       |       |     1 |    29 |   102 |    26 |       |       ||   158
Block: Shield            |       |       |       |       |       |   774 |   669 |   142 |       ||  1585
       Large shield      |       |       |       |       |       |       |       |   775 |   433 ||  1208
